 Dungeon Crawl Stone Soup version 0.26.0-10-g1f06aea511 (webtiles) character file.

Game seed: 12681426942205878991

12900 Borgoz the Nimble (level 12, -1/103 HPs)
             Began as a Ghoul Gladiator on Jan 18, 2021.
             Was a High Priest of Okawaru.
             Slain by a fire elemental (5 damage)
             ... led by Azrael
             ... on level 11 of the Dungeon.
             The game lasted 00:20:01 (17431 turns).

Borgoz the Nimble (Ghoul Gladiator)                Turns: 17431, Time: 00:20:01

Health: -1/103     AC: 14    Str: 19    XL:     12   Next: 0%
Magic:  14/14      EV: 12    Int:  3    God:    Okawaru [*****.]
Gold:   950        SH:  0    Dex: 14    Spells: 11/11 levels left

rFire    + . .     SeeInvis +   y - +2 scimitar
rCold    + + +     Faith    .   (no shield)
rNeg     + + +     Spirit   .   d - +0 chain mail {rC+}
rPois    ∞         Reflect  .   c - +1 helmet
rElec    .         Harm     .   u - scarf {rC+ rF+}
rCorr    .         Rampage  .   i - +0 pair of gloves
Will     +....                  (no boots)
Stlth    ..........             (no amulet)
HPRegen  0.00/turn              f - ring of see invisible
MPRegen  0.14/turn              A - ring of willpower

@: no status effects
A: claws 1, cold resistance 1, negative energy resistance 3, inhibited
regeneration, torment resistance, unbreathing
a: Renounce Religion, Heroism, Finesse


You were on level 11 of the Dungeon.
You worshipped Okawaru.
Okawaru was extremely pleased with you.
You visited 3 branches of the dungeon, and saw 14 of its levels.
You also visited: Ossuary.

You collected 950 gold pieces.

Inventory:

Hand Weapons
 q - a +0 great sword
 y - a +2 scimitar (weapon)
Armour
 a - a +2 cloak of preservation
 c - a +1 helmet (worn)
 d - a +0 chain mail of cold resistance (worn)
 i - a +0 pair of gloves (worn)
 u - a scarf of resistance (worn)
Jewellery
 f - a ring of see invisible (left hand)
 n - an uncursed ring of ice
 z - an uncursed amulet of faith
 A - a ring of willpower (right hand)
Wands
 l - a wand of flame (15)
 r - a wand of iceblast (2)
 t - a wand of paralysis (6)
 w - a wand of disintegration (2)
Scrolls
 h - 7 scrolls of teleportation
 k - 7 scrolls of remove curse
 m - 2 scrolls of identify
 o - 2 scrolls of enchant weapon
 s - a scroll of fog
 v - 3 scrolls of magic mapping
 B - a scroll of enchant armour
 D - a scroll of fear
Potions
 b - 3 potions of resistance
 e - 7 potions of brilliance
 g - 2 potions of flight
 j - a potion of haste
 p - 4 potions of curing
 x - 2 potions of might
 C - 2 potions of heal wounds
 E - a potion of mutation {unknown}


   Skills:
 + Level 8.5 Fighting
 * Level 10.0 Long Blades
 - Level 1.7 Throwing
 + Level 7.1 Armour
 * Level 10.1 Dodging
 - Level 5.0 Invocations


You had 11 spell levels left.
You didn't know any spells.
Your spell library contained the following spells:

 Spells                   Type           Power        Failure   Level
 Animate Skeleton         Necr           0%           99%         1
 Apportation              Tloc           0%           99%         1
 Corona                   Hex            0%           99%         1
 Summon Small Mammal      Summ           0%           99%         1
 Slow                     Hex            0%           100%        2
 Confusing Touch          Hex            0%           100%        3
 Gell's Gravitas          Tloc           0%           100%        3
 Inner Flame              Hex/Fire       0%           100%        3
 Portal Projectile        Hex/Tloc       0%           100%        3
 Cause Fear               Hex            0%           100%        4
 Leda's Liquefaction      Hex/Erth       0%           100%        4
 Petrify                  Tmut/Erth      0%           100%        4
 Metabolic Englaciation   Hex/Ice        0%           100%        5
 Yara's Violent Unravell  Hex/Tmut       0%           100%        5


Dungeon Overview and Level Annotations

Branches:
Dungeon (12/15)            Temple (1/1) D:7            Lair (1/6) D:10
Ossuary (visited)
    Orc: D:9-12

Altars:
Ashenzari
Cheibriados
Dithmenos
Elyvilon
Fedhas
Gozag
Hepliaklqana
Kikubaaqudgha
Makhleb
Nemelex Xobeh
Okawaru
Qazlal
Ru
Sif Muna
Trog
Uskayaw
Vehumet
Wu Jian
Xom
Yredelemnul
Zin
The Shining One

Shops:
D:7 =

Portals:
Trove: D:11 (give 6 scrolls of fear)

Annotations:
D:12 Azrael, Nessos


Innate Abilities, Weirdness & Mutations

You thrive by killing the living.
You are immune to poison.
You have sharp fingernails.
Your flesh is cold resistant. (rC+)
You are immune to negative energy. (rN+++)
You do not regenerate when monsters are visible.
You are immune to unholy pain and torment.
You can survive without breathing.


Message History

The fire elemental misses you.
You riposte.
You hit the fire elemental.
The fire elemental is heavily damaged.
You completely miss the fire elemental.
The fire elemental is heavily damaged.
The fire elemental hits you. The fire elemental burns you! You resist.
* * * LOW HITPOINT WARNING * * *
You slash the fire elemental!
The fire elemental is severely damaged.
The fire elemental hits you. The fire elemental burns you! You resist.
* * * LOW HITPOINT WARNING * * *
You hit the fire elemental but do no damage.
The fire elemental is severely damaged.
The fire elemental hits you. The fire elemental burns you! You resist.
* * * LOW HITPOINT WARNING * * *
You hit the fire elemental but do no damage.
The fire elemental is severely damaged.
The fire elemental hits you. The fire elemental burns you! You resist.
* * * LOW HITPOINT WARNING * * *
The fire elemental hits you. The fire elemental burns you! You resist.
You die...

###### #....# ##.##.# ###...#.#
####### #...∩...#### #.....#
#.#.^(#....# #.....#
#.##.##....###.÷[..#############
#.............†@)...............
#..........###E[....#########.##
##..........# ######.# #.##
............# #†# #.#.
##..........# #.# #.#.
#..<........# #.# #.#.
#...........# #.# #.#.
#.#.#.####### #.## #.#. ..#...#
#..# #.#.


You could see a fire elemental.

Vanquished Creatures
  Erolcha (D:11)
  2 two-headed ogres (D:9)
  An unseen horror (D:11)
  Pikel (D:5)
  An ugly thing (D:9)
  2 cyclopes
  Maurice (D:9)
  A troll (D:9)
  A hornet (D:8)
  4 yaks (D:10)
  4 wyverns
  A basilisk (D:10)
  Eustachio (D:4)
  Edmund (D:5)
  An acid dragon (D:11)
  4 water moccasins
  4 hell hounds (D:11)
  2 sky beasts
  An ice beast (D:9)
  A phantom (D:8)
  2 necrophages
  4 orc warriors
  10 ogres
  A centaur (D:10)
  6 bullfrogs
  Blork the orc (D:4)
  A big kobold (D:9)
  A gnoll sergeant (D:11)
  A wyvern skeleton (D:9)
  A water moccasin skeleton (D:6)
  3 scorpions
  18 wights
  5 centaur zombies
  A bullfrog zombie (D:11)
  2 human zombies (Ossuary)
  3 bullfrog skeletons
  4 hounds
  3 centaur skeletons
  9 orc priests
  Crazy Yiuf (D:4)
  4 iguanas
  9 orc wizards
  6 worker ants
  Terence (D:2)
  An ogre zombie (Ossuary)
  A hound zombie (D:10)
  7 mummies (Ossuary)
  2 worker ant zombies
  Robin (D:2)
  11 gnolls
  13 adders
  2 white imps
  An ufetubus (D:5)
  An ooze (D:1)
  4 adder zombies (Ossuary)
  2 worms (D:3)
  9 leopard geckos
  40 orcs
  A ball python (D:5)
  4 bats
  6 giant cockroaches
  18 goblins
  8 hobgoblins
  2 jackals (D:4)
  7 kobolds
  7 quokkas
  6 frilled lizards
  5 goblin zombies (Ossuary)
  7 hobgoblin zombies (Ossuary)
  2 leopard gecko zombies
  An orc zombie (Ossuary)
  2 quokka zombies (Ossuary)
  3 rats
  4 rat zombies (Ossuary)
310 creatures vanquished.

Vanquished Creatures (others)
  An orc (D:12)
  A kobold (D:9)
  8 plants
10 creatures vanquished.

Grand Total: 320 creatures vanquished

Notes
Turn   | Place    | Note
-------+----------+-------------------------------------------
     0 | D:1      | Borgoz the Ghoul Gladiator began the quest for the Orb.
     0 | D:1      | Reached XP level 1. HP: 17/17 MP: 0/0
   255 | D:1      | Reached XP level 2. HP: 23/25 MP: 1/1
   385 | D:1      | Reached XP level 3. HP: 13/30 MP: 2/2
   387 | D:1      | Reached skill level 1 in Armour
   963 | D:2      | Noticed Robin
   985 | D:2      | Killed Robin
  1001 | D:2      | Reached XP level 4. HP: 26/37 MP: 3/3
  1257 | D:2      | Found a white marble altar of Elyvilon.
  1560 | D:2      | Noticed Terence
  1579 | D:2      | Killed Terence
  1926 | D:3      | Reached XP level 5. HP: 42/42 MP: 4/4
  2002 | D:3      | Found an opulent altar of Gozag.
  2350 | D:3      | Found a sparkling altar of Nemelex Xobeh.
  2350 | D:3      | Found a burning altar of Makhleb.
  2937 | D:4      | Noticed Blork the orc
  2956 | D:4      | Killed Blork the orc
  2957 | D:4      | Reached XP level 6. HP: 28/51 MP: 5/5
  2973 | D:4      | Found a sand-covered staircase.
  3005 | Ossuary  | Entered an ossuary
  3913 | Ossuary  | Reached XP level 7. HP: 55/57 MP: 6/6
  4706 | D:4      | Reached skill level 5 in Long Blades
  4712 | D:4      | Reached skill level 5 in Dodging
  4944 | D:4      | Found a broken altar of Ashenzari.
  4966 | D:4      | Noticed Eustachio
  5000 | D:4      | Killed Eustachio
  5001 | D:4      | Reached XP level 8. HP: 35/66 MP: 7/7
  5595 | D:4      | Found a runed translucent door.
  5596 | D:4      | Noticed Crazy Yiuf
  5604 | D:4      | Killed Crazy Yiuf
  5710 | D:5      | Entered Level 5 of the Dungeon
  5853 | D:5      | Noticed Edmund
  5906 | D:5      | Killed Edmund
  6307 | D:5      | Noticed Pikel
  6347 | D:5      | Killed Pikel
  6348 | D:5      | Reached skill level 5 in Fighting
  6918 | D:5      | Found a blossoming altar of Fedhas.
  7120 | D:5      | Reached XP level 9. HP: 29/74 MP: 8/8
  7779 | D:5      | Found Zogefol's Gadget Emporium.
  8710 | D:6      | Found a hazy altar of Hepliaklqana.
  9065 | D:7      | Found Muschaf's Jewellery Shop.
  9082 | D:7      | Reached skill level 5 in Armour
  9458 | D:7      | Found a glowing golden altar of the Shining One.
  9459 | D:7      | Found a white marble altar of Elyvilon.
  9475 | D:7      | Found a staircase to the Ecumenical Temple.
  9483 | Temple   | Entered the Ecumenical Temple
  9602 | Temple   | Became a worshipper of Warmaster Okawaru
 10016 | D:7      | Found a hide-covered altar of Uskayaw.
 10019 | D:7      | Noticed a +0 dagger
 10020 | D:7      | Noticed a +0 dagger
 10163 | D:7      | Reached skill level 1 in Invocations
 10753 | D:8      | Reached XP level 10. HP: 63/84 MP: 8/10
 11018 | D:8      | Reached * piety under Okawaru
 12067 | D:9      | Noticed a two-headed ogre
 12080 | D:9      | Killed a two-headed ogre
 12080 | D:9      | Reached ** piety under Okawaru
 12170 | D:9      | Found a radiant altar of Vehumet.
 12319 | D:9      | Noticed a two-headed ogre
 12330 | D:9      | Killed a two-headed ogre
 12330 | D:9      | Reached *** piety under Okawaru
 12608 | D:9      | Noticed Maurice
 12627 | D:9      | Killed Maurice
 12838 | D:9      | Found an ancient bone altar of Kikubaaqudgha.
 12925 | D:9      | Found a shadowy altar of Dithmenos.
 13137 | D:9      | Found a glowing silver altar of Zin.
 13159 | D:10     | Entered Level 10 of the Dungeon
 13159 | D:10     | Noticed a cyclops
 13171 | D:9      | Killed a cyclops
 13172 | D:9      | Reached XP level 11. HP: 67/92 MP: 11/13
 13271 | D:10     | Noticed a white ugly thing
 13299 | D:9      | Killed a white ugly thing
 13835 | D:10     | Reached **** piety under Okawaru
 14011 | D:10     | Found a staircase to the Lair.
 14408 | D:10     | Reached skill level 5 in Invocations
 14505 | D:10     | Reached ***** piety under Okawaru
 15359 | D:11     | Noticed an unseen horror
 15371 | D:11     | Killed an unseen horror
 15640 | D:11     | Noticed a cyclops
 15656 | D:11     | Killed a cyclops
 16244 | D:11     | Found a portal to a secret trove of treasure.
 16360 | D:12     | Noticed Erolcha
 16395 | Lair:1   | Entered Level 1 of the Lair of Beasts
 16453 | Lair:1   | Noticed a seven-headed hydra
 16862 | D:12     | Noticed Azrael
 16871 | D:11     | Killed Erolcha
 16872 | D:11     | Reached skill level 10 in Long Blades
 16872 | D:11     | Reached skill level 10 in Dodging
 17408 | D:12     | Noticed Nessos
 17414 | D:11     | Reached XP level 12. HP: 56/103 MP: 14/14
 17431 | D:11     | HP: 4/103 [fire elemental[Azrael] (4)]
 17431 | D:11     | Slain by a fire elemental

Illustrated notes

Levels and vault maps discovered:
D:1:      giann_wishing_wells, layout_rooms, chequers_serial_rivers_room_a
D:2:      layout_loops_ring, elyvilon_altar_3, uniq_robin, uniq_terence
D:3:      kennysheep_the_goblin_king, layout_loops_corners,
          gammafunk_temple_overflow_wave, nicolae_overflow_crystal_walls
D:4:      layout_loops_ring, lemuel_crystal_altar, enter_ossuary_5,
          minmay_lizard_king, uniq_blork_the_orc, uniq_eustachio,
          uniq_crazy_yiuf_cottage
D:5:      layout_basic, lemuel_round_altar, serial_shops, kennysheep_mini,
          minivault_5, st_stairs_7, hex_medium, minmay_circle_x, uniq_pikel,
          uniq_edmund
D:6:      layout_loops_ring, lemuel_round_altar
D:7:      layout_basic, dancing_weapons_uskayaw, tso_metal_star,
          minmay_temple_entry_large_hall, serial_shops, shop, basic_altar
D:8:      layout_basic, minmay_crossroads
D:9:      layout_cave_pools, kiku_gazebo_garden_becter, fiery_altar_vehumet,
          kennysheep_little_box, lemuel_coloured_pillars_altar, uniq_maurice
D:10:     layout_loops_cross, minmay_lair_entry_grove
D:11:     layout_basic, nicolae_trove_entry_crossroad
D:12:     layout_basic, david_orc_4, basic_altar, guppyfry_shop_blood,
          uniq_sonja, uniq_azrael, uniq_nessos, uniq_erolcha
Temple:   nicolae_temple_figure_zero
Lair:1:   layout_chaotic_city, infiniplex_staircase_pool_2, uniq_harold

Skill      XL: |  1  2  3  4  5  6  7  8  9 10 11 |
---------------+----------------------------------+-----
Long Blades    | 3 4 5 6 7 8 10 | 10.0
Dodging        | 3 4 5 6 7 8 10 | 10.1
Armour         | 1 2 3 4 5 6 7 |  7.1
Fighting       | 3 4 5 6 7 8 |  8.5
Invocations    | 1 4 5 |  5.0
Throwing       | |  1.7

Action                   |  1- 3 |  4- 6 |  7- 9 | 10-12 || total
-------------------------+-------+-------+-------+-------++-------
Melee: Long sword        |   103 |   259 |   486 |       ||   848
       Scimitar          |       |       |    16 |   545 ||   561
       Punch             |       |       |       |     2 ||     2
Throw: Throwing net      |       |     5 |     1 |     5 ||    11
Invok: Heroism           |       |       |       |     7 ||     7
Evoke: Wand              |       |       |     7 |    12 ||    19
  Use: Potion            |     1 |     3 |    12 |     2 ||    18
       Scroll            |       |     1 |    20 |     4 ||    25
 Stab: Held in net/web   |       |     2 |       |     3 ||     5
       Paralysed         |       |       |     3 |     7 ||    10
       Invisible         |       |       |     2 |       ||     2
Armor: Leather armour    |    47 |    23 |       |       ||    70
       Chain mail        |       |   131 |   298 |   313 ||   742
Dodge: Dodged            |    96 |   150 |   233 |   374 ||   853
       Rpst.: Long sword |    21 |    51 |    75 |       ||   147
       Scimitar          |       |       |       |   115 ||   115
